 Dungeon Crawl Stone Soup version 0.28.0-53-g5a82cb258f (webtiles) character file.

Game seed: 13197202343872903203

439 tizbic2 the Spear-Bearer (level 7, -1/52 HPs)
             Began as a Gnoll Wanderer on Aug 4, 2022.
             Was a Priest of Fedhas.
             Slain by an orc
             ... wielding a +0 flail
              (2 damage)
             ... on level 4 of the Dungeon.
             The game lasted 00:20:36 (4479 turns).

tizbic2 the Spear-Bearer (Gnoll Wanderer)           Turns: 4479, Time: 00:20:36

Health: -1/52      AC: 10    Str: 12    XL:     7   Next: 1%
Magic:  7/10       EV:  6    Int: 10    God:    Fedhas [***...]
Gold:   195        SH:  0    Dex: 14    Spells: 10/10 levels left

rFire   + . .      SeeInvis +   a - +2 spear
rCold   + . .      Faith    .   (no shield)
rNeg    . . .      Spirit   .   l - +1 chain mail
rPois   .          Reflect  .   (no helmet)
rElec   .          Harm     .   e - scarf {rC+ rF+}
rCorr   .          Rampage  .   (no gloves)
Will    .....                   (no boots)
Stlth   ..........              (no amulet)
HPRegen 0.17/turn               b - ring of see invisible
MPRegen 0.12/turn               (no ring)

@: brilliant
A: fangs 1, strong nose, distributed training
a: Renounce Religion, Wall of Briars, Grow Ballistomycete


You were on level 4 of the Dungeon.
You worshipped Fedhas.
Fedhas was most pleased with you.
You visited 1 branch of the dungeon, and saw 4 of its levels.

You collected 195 gold pieces.

Inventory:

Hand Weapons
 a - a +2 spear (weapon)
 p - a +2 short sword of draining
 s - a +0 trident
 w - a +0 hunting sling
Missiles
 c - 21 sling bullets
 g - 6 javelins
 h - 110 stones
 q - 23 bolts
 r - 16 arrows
Armour
 d - a +0 ring mail
 e - a scarf of resistance (worn)
 l - a +1 chain mail (worn)
Jewellery
 b - a ring of see invisible (left hand)
Wands
 k - a wand of paralysis (13)
 u - a wand of polymorph (4)
Scrolls
 i - a scroll of teleportation
 j - a scroll of amnesia
 m - a scroll of magic mapping {unknown}
 n - a scroll of fog {unknown}
 t - a scroll of torment {unknown}
Potions
 f - a potion of cancellation {unknown}
 o - a potion of brilliance
 v - a potion of berserk rage {unknown}


   Skills:
 + Level 3.4 Fighting
 + Level 2.2 Short Blades
 + Level 2.2 Long Blades
 + Level 2.2 Axes
 + Level 2.2 Maces & Flails
 + Level 8.8 Polearms
 + Level 2.2 Staves
 + Level 3.4 Slings
 + Level 2.2 Bows
 + Level 2.2 Crossbows
 + Level 2.2 Throwing
 + Level 5.1 Armour
 + Level 2.2 Dodging
 + Level 3.2 Stealth
 + Level 2.2 Shields
 + Level 2.2 Unarmed Combat
 + Level 2.2 Spellcasting
 + Level 1.8 Conjurations
 + Level 1.8 Hexes
 + Level 1.8 Summonings
 + Level 1.8 Necromancy
 + Level 1.8 Translocations
 + Level 1.8 Transmutations
 + Level 1.8 Fire Magic
 + Level 1.8 Ice Magic
 + Level 1.8 Air Magic
 + Level 1.8 Earth Magic
 + Level 1.8 Poison Magic
 + Level 2.4 Invocations
 + Level 3.4 Evocations


You had 10 spell levels left.
You didn't know any spells.
Your spell library was empty.

Dungeon Overview and Level Annotations

Branches:
Dungeon (4/15)
 Temple: D:4-7

Altars:
Fedhas


Innate Abilities, Weirdness & Mutations

You have very sharp teeth.
Your uncanny sense of smell can sniff out nearby items.
Your experience applies equally to all skills.


Message History

The orc priest miscasts a cantrip.
a - a +2 spear (weapon)
You see here a sling bullet.
You barely miss the orc priest. You hit the orc priest.
The orc priest is moderately wounded.
The orc priest mumbles some strange prayers to Beogh against you.
Beogh smites you!
* * * LOW HITPOINT WARNING * * *
You hit the orc priest but do no damage.
The orc priest is moderately wounded.
The orc priest hits you but does no damage.
You hit the orc priest.
The orc priest is heavily wounded.
It was a potion of brilliance.
You feel clever all of a sudden.
The orc priest hits you but does no damage.
The orc shouts!
You hit the orc priest.
The orc priest is severely wounded.
You hear a shout!
The orc priest hits you but does no damage.
You hit the orc priest.
You bite the orc priest, but do no damage.
The orc priest is almost dead.
The orc priest casts a cantrip, but nothing happens.
You hit the orc priest.
The orc priest is almost dead.
You hit the orc priest.
You kill the orc priest!
Fedhas appreciates your contribution to the ecosystem.
You have reached level 7!
Okay, then.
You hit the orc but do no damage. The orc hits you with a +0 flail!
* * * LOW HITPOINT WARNING * * *
A briar patch grows up from the ground. x3; The orc hits you with a +0 flail.
* * * LOW HITPOINT WARNING * * *
You walk carefully through the plants.
The orc hits you with a +0 flail.
You die...
Fedhas appreciates your contribution to the ecosystem.

#.##.# #.# #.##.# ## #.#
#.##.# #. #.# #.##.# #.
##.#######.##.######.
....................
#.##...##.##.######.
...#####P##...##.##.######.
...o..)(.o@................
........P##########.#######
.......### #.# # .......
..##### # .......
.........# .......
'.......... ####### ∆
.#.........# ##########
###.........# .........#.
..... #


You could see 2 orcs.

Vanquished Creatures
  A gnoll shaman (D:4)
  2 orc priests
  2 iguanas (D:4)
  Natasha (thrice) (D:4)
  9 gnolls
  3 adders
  A worm (D:3)
  2 dart slugs
  7 orcs
  11 ball pythons
  5 bats
  7 endoplasms
  3 giant cockroaches
  4 hobgoblins
  6 jackals
  10 kobolds
  8 quokkas
  2 frilled lizards (D:1)
  5 goblins
  4 rats
95 creatures vanquished.

Vanquished Creatures (collateral kills)
  An orc (D:3)
  A goblin (D:2)
  A hobgoblin (D:2)
  A kobold (D:2)
4 creatures vanquished.

Grand Total: 99 creatures vanquished

Notes
Turn   | Place    | Note
-------+----------+-------------------------------------------
     0 | D:1      | tizbic2 the Gnoll Wanderer began the quest for the Orb.
     0 | D:1      | tizbic2 set off with the following items: a +2 spear, a +0
                  | hunting sling, 21 sling bullets, a +0 ring mail
     0 | D:1      | Reached XP level 1. HP: 17/17 MP: 1/1
   108 | D:1      | Reached XP level 2. HP: 23/23 MP: 2/2
   342 | D:1      | Reached XP level 3. HP: 28/28 MP: 3/3
   358 | D:1      | Found a faded altar of an unknown god.
   373 | D:1      | Prayed at the altar of an unknown god.
   373 | D:1      | Became a worshipper of Fedhas Madash
   373 | D:1      | Reached * piety under Fedhas
   560 | D:1      | Reached skill level 1 in Invocations
   941 | D:2      | Reached skill level 1 in Short Blades
   941 | D:2      | Reached skill level 1 in Long Blades
   941 | D:2      | Reached skill level 1 in Axes
   941 | D:2      | Reached skill level 1 in Maces & Flails
   941 | D:2      | Reached skill level 1 in Staves
   941 | D:2      | Reached skill level 1 in Bows
   941 | D:2      | Reached skill level 1 in Crossbows
   941 | D:2      | Reached skill level 1 in Throwing
   941 | D:2      | Reached skill level 1 in Dodging
   941 | D:2      | Reached skill level 1 in Shields
   941 | D:2      | Reached skill level 1 in Unarmed Combat
   941 | D:2      | Reached skill level 1 in Spellcasting
   986 | D:2      | Reached XP level 4. HP: 29/34 MP: 5/5
  1187 | D:2      | Reached ** piety under Fedhas
  1555 | D:3      | Reached skill level 1 in Conjurations
  1555 | D:3      | Reached skill level 1 in Hexes
  1555 | D:3      | Reached skill level 1 in Summonings
  1555 | D:3      | Reached skill level 1 in Necromancy
  1555 | D:3      | Reached skill level 1 in Translocations
  1555 | D:3      | Reached skill level 1 in Transmutations
  1555 | D:3      | Reached skill level 1 in Fire Magic
  1555 | D:3      | Reached skill level 1 in Ice Magic
  1555 | D:3      | Reached skill level 1 in Air Magic
  1555 | D:3      | Reached skill level 1 in Earth Magic
  1555 | D:3      | Reached skill level 1 in Poison Magic
  1838 | D:3      | Reached XP level 5. HP: 15/40 MP: 5/7
  3240 | D:4      | Reached XP level 6. HP: 39/47 MP: 8/8
  3373 | D:4      | Noticed Natasha
  3387 | D:4      | Killed Natasha
  3576 | D:4      | Noticed Natasha
  3592 | D:4      | Killed Natasha
  3724 | D:4      | Reached skill level 5 in Armour
  3750 | D:4      | Reached *** piety under Fedhas
  4436 | D:4      | Noticed Natasha
  4451 | D:4      | Killed Natasha
  4473 | D:4      | Reached XP level 7. HP: 9/52 MP: 10/10
  4476 | D:4      | HP: 2/52 [orc/+0 flail (7)]
  4479 | D:4      | Slain by an orc

Illustrated notes

Levels and vault maps discovered:
D:1:      dpeg_arrival_boxes_within_box, layout_loops_ring,
          ebering_ecumenical_altar_abandoned
D:2:      layout_rooms, serial_bayou_pond_d
D:3:      layout_basic, serial_rivers, chequers_serial_rivers_micro_e,
          chequers_serial_rivers_room_a, chequers_serial_rivers_micro_d,
          chequers_serial_rivers_micro_c, chequers_serial_rivers_marsh,
          serial_bayou_crossing
D:4:      cheibrodos_pilgrimage, layout_basic, solitary_fountain, uniq_natasha

Skill      XL: |  1  2  3  4  5  6 |
---------------+-------------------+-----
Invocations    | 1 2 |  2.4
Short Blades   | 1 2 |  2.2
Long Blades    | 1 2 |  2.2
Axes           | 1 2 |  2.2
Maces & Flails | 1 2 |  2.2
Staves         | 1 2 |  2.2
Bows           | 1 2 |  2.2
Crossbows      | 1 2 |  2.2
Throwing       | 1 2 |  2.2
Dodging        | 1 2 |  2.2
Shields        | 1 2 |  2.2
Unarmed Combat | 1 2 |  2.2
Spellcasting   | 1 2 |  2.2
Conjurations   | 1 |  1.8
Hexes          | 1 |  1.8
Summonings     | 1 |  1.8
Necromancy     | 1 |  1.8
Translocations | 1 |  1.8
Transmutations | 1 |  1.8
Fire Magic     | 1 |  1.8
Ice Magic      | 1 |  1.8
Air Magic      | 1 |  1.8
Earth Magic    | 1 |  1.8
Poison Magic   | 1 |  1.8
Fighting       | 3 |  3.4
Slings         | 3 |  3.4
Evocations     | 3 |  3.4
Stealth        | 3 |  3.2
Armour         | 5 |  5.1
Polearms       | |  8.8

Action                   |  1- 3 |  4- 6 |  7- 9 || total
-------------------------+-------+-------+-------++-------
Melee: Spear             |    94 |   192 |     1 ||   287
       Bite              |     7 |    23 |       ||    30
       Punch             |     1 |     4 |       ||     5
       Short sword       |    10 |    35 |       ||    45
       Unarmed           |       |    10 |       ||    10
       Trident           |       |     3 |       ||     3
 Fire: Hunting sling     |    12 |    57 |       ||    69
Throw: Stone             |     5 |     4 |       ||     9
       Javelin           |     3 |     5 |       ||     8
Invok: Wall of Briars    |       |     2 |     1 ||     3
  Use: Scroll            |     1 |     4 |       ||     5
       Potion            |       |     3 |       ||     3
 Stab: Sleeping          |     1 |       |       ||     1
Armor: Ring mail         |    42 |       |       ||    42
       Chain mail        |       |   102 |       ||   102
Dodge: Dodged            |    46 |    54 |       ||   100
